 Dungeon Crawl Stone Soup version 0.30.2 (webtiles) character file.

Game seed: 12164045291397613850

58873 tizbic2 the Warrior (level 14, -6/150 HPs)
             Began as a Gargoyle Fighter on Oct 26, 2023.
             Was the Champion of Trog.
             Mangled by a two-headed ogre
             ... wielding a +0 giant club
              (12 damage)
             ... on level 2 of the Orcish Mines on Jan 22, 2024.
             The game lasted 01:08:53 (15854 turns).

tizbic2 the Warrior (Gargoyle Fighter)             Turns: 15854, Time: 01:08:54

Health: -6/150     AC: 36    Str: 28    XL:     14   Next: 92%
Magic:  0/14       EV:  6    Int:  4    God:    Trog [******]
Gold:   1051       SH: 15    Dex: 13    Spells: 13/13 levels left

rFire   + . .        a - +8 mace of Fear {heavy, rElec rN+ Int-4}
rCold   + . .        v - +0 tower shield
rNeg    + + .        C - +2 plate armour {rF+}
rPois   ∞            k - +2 helmet {SInv}
rElec   +            Y - +2 cloak {rCorr}
rCorr   +            g - +0 pair of gloves
SInv    +            R - +0 pair of boots
Will    +++..        p - amulet of guardian spirit Stlth
                     h - +4 ring of slaying
HPRegen 1.45/turn    D - ring of Relativism {Wiz *Slow rCorr Str+4}
MPRegen 0.14/turn

%: slow self (1%), guardian spirit, wizardry (x1)
@: berserking, strong-willed, flying, regenerating, studying Invocations, very
quick
A: sickness immunity, AC +10, big wings, negative energy resistance 1,
electricity resistance, torment resistance 1, petrification resistance, agile 1,
cold resistance 1
a: Renounce Religion, Berserk, Trog's Hand, Brothers in Arms


You were on level 2 of the Orcish Mines.
You worshipped Trog.
Trog was exalted by your worship.
You visited 2 branches of the dungeon, and saw 17 of its levels.
You also visited: Bailey and Gauntlet.

You collected 1918 gold pieces.
You spent 867 gold pieces at shops.

Inventory:

Hand Weapons
 a - the +8 mace of Fear (weapon) {heavy, rElec rN+ Int-4}
   (Trog gifted it to you on level 1 of the Orcish Mines)

   Int:       It affects your intelligence (-4).
   rElec:     It insulates you from electricity.
   rN:        It protects you from negative energy.
 w - the +7 sling "Miughali" {elec, rElec}
   (You found it in a Gauntlet)

   rElec:     It insulates you from electricity.
 z - a +0 war axe
 M - the +9 dagger of Birhukoc {freeze, Dex+6}
   (You took it off a minotaur in a Gauntlet)

   Dex:       It affects your dexterity (+6).
 P - a +4 trident
 X - a +3 morningstar of protection
Missiles
 i - a throwing net (quivered)
 N - 5 silver javelins
 V - 4 boomerangs of dispersal
Armour
 g - a +0 pair of gloves (worn)
 k - a +2 helmet of see invisible (worn)
 v - a +0 tower shield (worn)
 B - a +3 kite shield
 C - a +2 plate armour of fire resistance (worn)
 R - a +0 pair of boots (worn)
 Y - a +2 cloak of preservation (worn)
Jewellery
 h - a +4 ring of slaying (left hand)
 p - an amulet of guardian spirit (around neck)
 s - a +4 ring of protection
 D - the ring of Relativism (right hand) {Wiz *Slow rCorr Str+4}
   (You found it in a bailey)

   [ring of wizardry]

   It improves your spell success rate.
   Str:       It affects your strength (+4).
   rCorr:     It protects you from acid and corrosion.
   *Slow:     It may slow you when you take damage.
 J - an amulet of the acrobat
 T - a ring of protection from cold
Wands
 y - a wand of flame (68)
 H - a wand of quicksilver (4)
Scrolls
 o - 3 scrolls of magic mapping
 q - 6 scrolls of teleportation
 u - 6 scrolls of fear
 x - a scroll of fog
 A - a scroll of torment
 F - 5 scrolls of poison
 K - a scroll of brand weapon
 O - 2 scrolls of vulnerability
 Q - a scroll of summoning
 S - a scroll of immolation
Potions
 b - 2 potions of flight {unknown}
 c - 4 potions of attraction
 d - 3 potions of might
 e - 6 potions of curing
 f - 3 potions of invisibility
 j - 3 potions of ambrosia
 m - 5 potions of cancellation
 n - 2 potions of magic
 r - 3 potions of haste
 t - 2 potions of lignification
 G - a potion of berserk rage
 I - 6 potions of heal wounds
Miscellaneous
 l - a lightning rod (4/4)
 E - a phial of floods
 U - a piece from Xom's chessboard (15/15)


   Skills:
 + Level 16.7 Fighting
 - Level 14.0 Maces & Flails
 + Level 12.0 Ranged Weapons
 - Level 9.0 Armour
 - Level 9.1 Shields
 - Level 0.3 Evocations


You had 13 spell levels left.
You didn't know any spells.
Your spell library was empty.

Dungeon Overview and Level Annotations

Branches:
Dungeon (15/15)            Temple (0/1) D:4            Lair (0/5) D:8
    Orc (2/2) D:11            Elf (0/3) Orc:2        Vaults (0/5) D:14
 Depths (0/4) D:15         Bailey (visited)         Gauntlet (visited)

Altars:
Elyvilon
Hepliaklqana
Kikubaaqudgha
Makhleb
Nemelex Xobeh
Qazlal
Ru
Trog
Uskayaw
Vehumet
Zin
The Shining One

Shops:
D:8 ?   D:14 ?   Orc:1 :[   Orc:2 [

Annotations:
D:11 3 runed translucent doors, Wiggles's ghost, journeyman MiBe


Innate Abilities, Weirdness & Mutations

You are immune to sickness and miasma.
Your stone body is resilient. (AC +10)
You are immune to poison.
Your large and strong wings let you fly.
You resist negative energy. (rN+)
You are resistant to electric shocks. (rElec)
You are resistant to unholy torment.
You are immune to petrification.
You are agile. (Dex +4, Str/Int -1)
Your flesh is cold resistant. (rC+)


Message History

Trog accepts your kill. You block the ogre's attack.
You block the ogre mage's attack.
Items here: )))))))))))))))))))))))))))))) [[[ ††††††.
You hit the ogre mage.
The ogre mage is lightly wounded.
The ogre mage gestures at the ogre while chanting.
You bludgeon the ogre mage!!
The ogre mage is severely wounded.
You block the two-headed ogre's attack.
The two-headed ogre hits you with a +0 giant spiked club.
* * * LOW HITPOINT WARNING * * *
You block the ogre mage's attack. You block the two-headed ogre's attack.
The two-headed ogre barely misses you.
A two-headed ogre comes into view. It is wielding two +0 dire flails.
The two-headed ogre shouts in stereo!
You bludgeon the ogre mage!!
You kill the ogre mage!
Trog accepts your kill.
Trog appreciates your killing of a magic user.
The ogre is no longer moving quickly.
The ogre hits you with a +0 giant spiked club.
* * * LOW HITPOINT WARNING * * *
The two-headed ogre closely misses you.
The two-headed ogre hits you with a +0 giant spiked club!
* * * LOW HITPOINT WARNING * * *
Your Ranged Weapons skill increases to level 12!
The ogre attacks as you move away! You block the ogre's attack.
A red film seems to cover your vision as you go berserk!
You feel yourself moving faster!
You feel mighty!
The two-headed ogre hits you but does no damage.
You block the two-headed ogre's attack.
You sock the two-headed ogre!
The two-headed ogre is moderately wounded.
The two-headed ogre hits you with a +0 giant club!
* * * LOW HITPOINT WARNING * * *
The two-headed ogre hits you but does no damage.
You bludgeon the two-headed ogre!!
The two-headed ogre is almost dead.
The two-headed ogre hits you with a +0 giant club!
You die...

......OOO...## ##.#.....#
######.##### ####.#.## #).# #.###
#..# ###.## ###)#######
##....#### ##....#.##.##
#........## #.....).#...#
##.........# #.........OO###
#.<.......##
#........#.∩.#O@####.........##
.##..........OO###.............##
.#......#...#)O..........#.....#.
.#......####.............#.......
......#. ##............###......
......#. #............# ##.....
.....## ##.#.........# #.....
......## ###.........### ###...
.......## #.............####....


You could see 2 two-headed ogres and 3 ogres.

Vanquished Creatures
  A minotaur (Gauntlet)
  An ettin (D:15)
  Josephine (D:11)
  4 vault guards (D:14)
  A hydra (D:10)
  4 ogre magi (Orc:2)
  6 centaur warriors
  A boulder beetle (D:14)
  16 two-headed ogres
  2 tengu warriors
  3 skeletal warriors (D:14)
  A glowing orange brain (Gauntlet)
  2 deep trolls (D:15)
  A harpy (shapeshifter) (D:14)
  3 orc knights
  A wizard (D:15)
  A deep elf zephyrmancer (Bailey)
  2 deep elf pyromancers
  2 orc sorcerers
  4 manticores (D:14)
  18 ugly things
  3 cyclopes
  A gargoyle (D:11)
  An unseen horror (D:13)
  2 komodo dragons
  2 tengu conjurers (Gauntlet)
  5 trolls
  3 meliai (Gauntlet)
  A raiju (shapeshifter) (D:14)
  3 slime creatures (D:12)
  A centaur simulacrum (D:14)
  2 shadows (Gauntlet)
  6 wraiths
  13 yaks
  2 vampires
  A steam dragon (D:8)
  2 wyverns
  A golden eye (shapeshifter) (D:8)
  A basilisk (D:15)
  17 vampire mosquitoes
  An acid dragon (D:14)
  5 wargs
  3 water moccasins
  An ice beast (D:7)
  20 orc warriors
  6 black bears
  A sky beast (D:8)
  20 ogres
  4 centaurs
  A phantom (D:7)
  5 kobold brigands
  A necrophage (D:4)
  A bullfrog (D:9)
  2 gnoll sergeants
  9 wights
  11 killer bees
  A howler monkey (D:14)
  2 centaur zombies (D:4)
  A human zombie (D:4)
  A bullfrog zombie (D:4)
  2 hounds
  A jelly (D:7)
  9 orc priests
  4 iguanas
  14 orc wizards
  2 hound zombies (D:4)
  8 adders
  12 gnolls
  A shadow imp (D:8)
  A white imp (D:8)
  An ufetubus (D:5)
  3 adder zombies (D:4)
  2 dart slugs
  65 orcs
  2 bats
  8 endoplasms
  3 giant cockroaches
  8 goblins
  5 hobgoblins
  2 jackals (D:2)
  4 quokkas
  4 ball pythons
  3 frilled lizards (D:1)
  A goblin zombie (D:7)
  24 kobolds
  A quokka zombie (D:4)
  7 rats
  A rat zombie (D:7)
436 creatures vanquished.

Vanquished Creatures (collateral kills)
  An orc knight (D:15)
  2 trolls (D:15)
  An orc warrior (D:15)
  An ogre (D:15)
  An orc (D:15)
6 creatures vanquished.

Vanquished Creatures (others)
  A wizard (D:15)
1 creature vanquished.

Grand Total: 443 creatures vanquished

Notes
Turn   | Place    | Note
-------+----------+-------------------------------------------
     0 | D:1      | tizbic2 the Gargoyle Fighter began the quest for the Orb.
     0 | D:1      | Reached XP level 1. HP: 14/14 MP: 1/1
   231 | D:1      | Reached XP level 2. HP: 16/19 MP: 2/2
   571 | D:2      | Reached XP level 3. HP: 23/23 MP: 3/3
   707 | D:2      | Found a faded altar of an unknown god.
   716 | D:2      | Prayed at the altar of an unknown god.
   716 | D:2      | Became a worshipper of Trog the Wrathful
   716 | D:2      | Reached * piety under Trog
  1210 | D:2      | Reached XP level 4. HP: 29/29 MP: 4/4
  1513 | D:3      | Found a glowing silver altar of Zin.
  1615 | D:3      | Found a glowing golden altar of the Shining One.
  1835 | D:3      | Reached skill level 4 in Fighting
  1835 | D:3      | Reached XP level 5. HP: 21/33 MP: 3/5
  1866 | D:3      | Found a stormy altar of Qazlal.
  1910 | D:3      | Noticed a centaur
  1920 | D:3      | Killed a centaur
  1921 | D:3      | Reached XP level 6. HP: 17/38 MP: 3/6
  2453 | D:3      | Reached ** piety under Trog
  2703 | D:4      | Noticed a black bear
  2712 | D:4      | Killed a black bear
  2786 | D:4      | Found a sparkling altar of Nemelex Xobeh.
  2918 | D:4      | Found a staircase to the Ecumenical Temple.
  2949 | D:4      | Gained mutation: You have a pair of small antennae on your
                  | head. [potion of mutation]
  2949 | D:4      | Gained mutation: You possess an exceptional clarity of
                  | mind. [potion of mutation]
  2949 | D:4      | Gained mutation: You expend magic power (3 MP) to
                  | strengthen your wands. [potion of mutation]
  2950 | D:4      | Lost mutation: You expend magic power (3 MP) to strengthen
                  | your wands. [potion of mutation]
  2950 | D:4      | Lost mutation: You have a pair of small antennae on your
                  | head. [potion of mutation]
  2950 | D:4      | Lost mutation: You possess an exceptional clarity of mind.
                  | [potion of mutation]
  2950 | D:4      | Gained mutation: Your flesh is cold resistant. (rC+)
                  | [potion of mutation]
  2950 | D:4      | Gained mutation: You are agile. (Dex +4, Str/Int -1)
                  | [potion of mutation]
  3057 | D:4      | Reached XP level 7. HP: 44/44 MP: 7/7
  3066 | D:4      | Reached skill level 5 in Maces & Flails
  3118 | D:4      | Reached skill level 5 in Fighting
  3120 | D:4      | Found an ancient bone altar of Kikubaaqudgha.
  3138 | D:4      | Reached skill level 5 in Armour
  3138 | D:4      | Reached skill level 5 in Shields
  3513 | D:5      | Entered Level 5 of the Dungeon
  4571 | D:6      | Noticed a wyvern
  4575 | D:6      | Killed a wyvern
  4576 | D:6      | Reached XP level 8. HP: 50/50 MP: 8/8
  4872 | D:6      | Reached *** piety under Trog
  4887 | D:6      | Reached skill level 6 in Fighting
  5295 | D:7      | Found a hide-covered altar of Uskayaw.
  5332 | D:7      | Reached XP level 9. HP: 19/56 MP: 3/9
  5391 | D:7      | Found a flagged portal.
  5431 | Bailey   | Entered a bailey
  5512 | Bailey   | Noticed an orc knight
  5560 | Bailey   | Killed an orc knight
  5561 | Bailey   | Reached skill level 7 in Fighting
  5781 | Bailey   | Found a large runed translucent door.
  5781 | Bailey   | Found a large runed translucent door.
  5790 | Bailey   | Noticed a deep elf zephyrmancer
  5858 | Bailey   | Killed a deep elf zephyrmancer
  5873 | Bailey   | Identified the ring of Relativism {Wiz *Slow rCorr Str+4}
  5960 | D:7      | Reached XP level 10. HP: 63/63 MP: 10/10
  5987 | D:7      | Reached **** piety under Trog
  6131 | D:7      | Found a white marble altar of Elyvilon.
  6892 | D:8      | Reached skill level 8 in Fighting
  7050 | D:8      | Found a staircase to the Lair.
  7097 | D:8      | Found a burning altar of Makhleb.
  7271 | D:8      | Reached skill level 10 in Maces & Flails
  7305 | D:8      | Found Jiudgh's Magic Scroll Shoppe.
  7312 | D:8      | Bought 3 scrolls of fear for 132 gold pieces
  7312 | D:8      | Bought a scroll of fear for 44 gold pieces
  7312 | D:8      | Bought a scroll of enchant weapon for 82 gold pieces
  7312 | D:8      | Bought a scroll of enchant armour for 82 gold pieces
  7352 | D:8      | Reached ***** piety under Trog
  7363 | D:8      | Found a hazy altar of Hepliaklqana.
  7510 | D:8      | Bought a scroll of torment for 104 gold pieces
  7719 | D:9      | Found a bloodstained altar of Trog.
  7756 | D:9      | Reached XP level 11. HP: 40/69 MP: 7/11
  7783 | D:9      | Found a radiant altar of Vehumet.
  8643 | D:10     | Entered Level 10 of the Dungeon
  8667 | D:10     | Noticed a five-headed hydra
  8680 | D:10     | Killed a five-headed hydra
  8681 | D:10     | Reached skill level 9 in Fighting
  9592 | D:11     | Found a runed translucent gate.
  9592 | D:11     | Found a runed translucent gate.
  9592 | D:11     | Found a runed translucent gate.
  9598 | D:11     | Noticed Wiggles's ghost (journeyman MiBe)
  9599 | D:11     | Found a gate leading to a gauntlet.
  9610 | Gauntlet | Entered a Gauntlet
  9610 | Gauntlet | Noticed a tengu warrior
  9610 | Gauntlet | Found a transporter.
  9617 | Gauntlet | Found a transporter.
  9620 | Gauntlet | Found a transporter.
  9621 | Gauntlet | Found a transporter.
  9627 | Gauntlet | Found a runed translucent gate.
  9627 | Gauntlet | Found a runed translucent gate.
  9627 | Gauntlet | Found a runed translucent gate.
  9629 | Gauntlet | Found a transporter.
  9632 | Gauntlet | Found a transporter.
  9633 | Gauntlet | Found a transporter.
  9635 | Gauntlet | Noticed a white ugly thing
  9635 | Gauntlet | Noticed a glowing orange brain
  9641 | Gauntlet | Found a transporter.
  9644 | Gauntlet | Found a transporter.
  9645 | Gauntlet | Found a transporter.
  9653 | Gauntlet | Found a transporter.
  9656 | Gauntlet | Found a transporter.
  9658 | Gauntlet | Found a transporter.
  9663 | Gauntlet | Noticed a hell hog
  9665 | Gauntlet | Found a transporter.
  9965 | Gauntlet | Killed a tengu warrior
 10087 | Gauntlet | Killed a glowing orange brain
 10088 | Gauntlet | Reached skill level 10 in Fighting
 10091 | Gauntlet | Killed a white ugly thing
 10210 | Gauntlet | Identified the +9 dagger of Birhukoc {freeze, Dex+6}
 10210 | Gauntlet | Noticed a minotaur
 10231 | Gauntlet | Killed a minotaur
 10232 | Gauntlet | Reached XP level 12. HP: 31/78 MP: 3/12
 10409 | Gauntlet | Identified the +7 sling "Miughali" {elec, rElec}
 10490 | D:11     | Noticed Josephine
 10513 | D:11     | Killed Josephine
 10575 | D:11     | Noticed a fire giant
 10576 | D:11     | Noticed a boulder beetle
 10588 | D:11     | Reached skill level 11 in Fighting
 10589 | D:11     | Noticed a rakshasa
 10590 | D:11     | Noticed an ogre mage
 10695 | D:11     | Found a staircase to the Orcish Mines.
 11166 | D:12     | Noticed a two-headed ogre
 11176 | D:12     | Killed a two-headed ogre
 11312 | D:12     | Reached skill level 1 in Ranged Weapons
 11488 | D:12     | Noticed a two-headed ogre
 11492 | D:12     | Killed a two-headed ogre
 11802 | D:12     | Noticed a two-headed ogre
 11813 | D:12     | Killed a two-headed ogre
 12024 | D:13     | Noticed a centaur warrior
 12041 | D:13     | Killed a centaur warrior
 12144 | D:13     | Reached skill level 12 in Fighting
 12221 | D:13     | Found a sacrificial altar of Ru.
 12247 | D:13     | Noticed a centaur warrior
 12256 | D:13     | Killed a centaur warrior
 12447 | D:14     | Noticed a centaur warrior
 12448 | D:14     | Reached skill level 5 in Ranged Weapons
 12455 | D:14     | Killed a centaur warrior
 12456 | D:14     | Reached XP level 13. HP: 81/87 MP: 11/13
 12500 | D:14     | Found a gate to the Vaults.
 12500 | D:14     | Noticed a vault guard
 12500 | D:14     | Noticed a vault guard
 12500 | D:14     | Noticed a vault guard
 12500 | D:14     | Noticed a vault guard
 12552 | D:14     | Killed a vault guard
 12553 | D:14     | Reached skill level 13 in Fighting
 12670 | D:14     | Killed a vault guard
 12905 | D:14     | Killed a vault guard
 12970 | D:14     | Killed a vault guard
 13033 | D:14     | Reached skill level 14 in Fighting
 13260 | D:14     | Found Zuiriwul's Magic Scroll Boutique.
 13273 | D:14     | Bought a scroll of poison for 40 gold pieces
 13273 | D:14     | Bought a scroll of summoning for 95 gold pieces
 13273 | D:14     | Bought a scroll of teleportation for 30 gold pieces
 13708 | D:15     | Entered Level 15 of the Dungeon
 13920 | D:15     | Noticed an ettin
 13922 | D:15     | Found a staircase to the Depths.
 13939 | D:15     | Killed an ettin
 13950 | D:15     | Gained mutation: Your large and strong wings let you fly.
                  | [Gargoyle growth]
 13950 | D:15     | Reached XP level 14. HP: 23/96 MP: 3/14
 13985 | D:15     | Reached skill level 15 in Fighting
 14296 | D:15     | Reached skill level 10 in Ranged Weapons
 14549 | Orc:1    | Entered Level 1 of the Orcish Mines
 14550 | Orc:1    | Upgraded the game from 0.30.1-10-g1249ef9ec4 to 0.30.2
 14573 | Orc:1    | Identified the +8 mace of Fear {heavy, rElec rN+ Int-4}
                  | (Trog gifted it to you on level 1 of the Orcish Mines)
 14573 | Orc:1    | Received a gift from Trog
 14589 | Orc:1    | Reached ****** piety under Trog
 14623 | Orc:1    | Found Oriny's Armour Shoppe.
 14785 | Orc:1    | Bought a +2 cloak of preservation for 258 gold pieces
 14972 | Orc:1    | Found Vegujeank's Self-Improvement Boutique.
 15225 | Orc:2    | Entered Level 2 of the Orcish Mines
 15498 | Orc:2    | Found a staircase to the Elven Halls.
 15612 | Orc:2    | Found Coisevem's Armour Shoppe.
 15669 | Orc:2    | Reached skill level 16 in Fighting
 15853 | Orc:2    | HP: 4/150 [two-headed ogre/+0 giant club (13)]
 15854 | Orc:2    | Mangled by a two-headed ogre

Illustrated notes

Levels and vault maps discovered:
D:1:      evilmike_arrival_crescent, layout_basic, minmay_box_of_dots
D:2:      layout_basic, nicolae_ecumenical_pavilion, grunt_ministairs_15,
          minivault_11, minmay_tetromino_s2
D:3:      layout_basic, mainiacjoe_overflow_chevrons,
          nicolae_overflow_crystal_walls, mainiacjoe_overflow_24_doors
D:4:      layout_basic, lemuel_mausoleum_altar_kikubaaqudgha,
          mainiacjoe_overflow_tiny_flanked, minmay_temple_entry_glass
D:5:      layout_basic
D:6:      layout_loops_ring, minmay_misc_feat_encased, nicolae_nh_ransacked_shop
D:7:      layout_basic, general_overflow_altar,
          mainiacjoe_overflow_surrounded_room, enter_bailey_5, enter_ossuary_4
D:8:      layout_loops_cross, amcnicky_altar_gilded, kennysheep_mini_moat,
          grunt_lair_entry_orc_guard_hut, serial_shops, shop_statue,
          minmay_stone_trees_small, kennysheep_pointless_box,
          minmay_manual_mullet
D:9:      layout_cave_pools, vehumet_altar_wand_db, trog_ov_bears_minmay,
          serial_co_window_serial, co_window_paths_a,
          co_window_of_opportunity_a, co_window_of_opportunity_a,
          co_window_of_opportunity_a, co_window_paths_a, co_window_2corner,
          co_window_broadway_b, co_window_broadway_b, co_window_broadway_a,
          co_window_paths_e
D:10:     layout_loops_ring
D:11:     layout_basic, erik_orc_3, gauntlet_entry_generic,
          gammafunk_ghost_necromancy, onia_ninara_dug_in_and_dangerous,
          uniq_josephine
D:12:     layout_loops_ring, chequers_jeans
D:13:     layout_roguey, nicolae_ru_awakened_eye
D:14:     layout_loops_ring, lightli_vaults_fourway_checkpoint,
          grunt_decor_junction, serial_shops, nicolae_shop_window_shopping,
          hangedman_abyss_or_decor_clamps, corexii_corridor_pit
D:15:     hangedman_depths_entry_civil_slaughter, layout_irregular_city,
          minmay_misc_feat_tiny
Orc:1:    layout_caves, serial_shops, nicolae_shop_advertising_works
          [nicolae_subvault_shop_adworks], nicolae_shop_self_help
Orc:2:    st_orc_ogre_mass, layout_diamond_mine, serial_shops,
          nicolae_shop_stone

Skill      XL: |  1  2  3  4  5  6  7  8  9 10 11 12 13 14 |
---------------+-------------------------------------------+-----
Maces & Flails | 3 4 6 7 9 10 12 14 | 14.0
Armour         | 4 5 6 7 8 9 |  9.0
Fighting       | 4 5 6 7 8 10 12 14 16 | 16.7
Shields        | 4 5 6 7 8 9 |  9.1
Ranged Weapons | 5 9 12 | 12.0
Evocations     | |  0.3

Action                     |  1- 3 |  4- 6 |  7- 9 | 10-12 | 13-15 || total
---------------------------+-------+-------+-------+-------+-------++-------
  Melee: Flail             |    86 |   119 |   173 |     1 |       ||   379
         Mace              |       |    44 |       |       |   203 ||   247
         War axe           |       |     7 |    48 |    57 |       ||   112
         Morningstar       |       |       |    40 |   421 |   392 ||   853
         Dagger            |       |       |       |     5 |       ||     5
   Fire: Sling             |       |       |       |    12 |    19 ||    31
 Invoke: Trog's Hand       |       |     1 |     2 |     3 |     4 ||    10
         Berserk           |       |       |     2 |     4 |     2 ||     8
    Use: Scroll            |       |     5 |    12 |    15 |     4 ||    36
         Potion            |       |     2 |       |       |       ||     2
 Armour: Scale mail        |    37 |   116 |    80 |       |       ||   233
         Chain mail        |       |       |    88 |       |       ||    88
         Plate armour      |       |       |     6 |   391 |   357 ||   754
  Dodge: Dodged            |    43 |    90 |   126 |   135 |   143 ||   537
  Block: Buckler           |    21 |    39 |       |       |       ||    60
         Kite shield       |       |    10 |   222 |   427 |   291 ||   950
         Tower shield      |       |       |       |       |   120 ||   120
